 Dungeon Crawl Stone Soup version bcrawl-1.35.4b (webtiles) character file.

Game seed: 136787342399258619

191882 Dulis131 the Ducker (level 8, -10/61 HPs)
             Began as a Human Reaver on Jan 30, 2022.
             Was a Believer of Vehumet.
             Mangled by a two-headed ogre
             ... wielding a +0 giant club
              (12 damage)
             ... on level 5 of the Dungeon.
             The game lasted 00:21:34 (5463 turns).

Dulis131 the Ducker (Human Reaver)                  Turns: 5463, Time: 00:21:35

Health: -10/61     AC: 14    Str: 13    XL:     8   Next: 36%
Magic:  11/11      EV: 12    Int: 15    God:    Vehumet [**....]
Gold:   212        SH:  0    Dex: 14    Spells: 10/11 levels left

rFire    + . .     SeeInvis .   h - +1 mace (protect)
rCold    . . .     Gourm    .   (no shield)
rNeg     . . .     Faith    .   v - +2 scale mail {MR+}
rPois    .         Spirit   .   (no helmet)
rElec    +         Reflect  .   p - +0 cloak
rCorr    .         Clarity  +   u - +1 pair of gloves
MR       +....                  (no boots)
Stlth    +.........             (no amulet)
HPRegen  0.20/turn              m - +2 ring of dexterity
MPRegen  0.12/turn              t - ring of insulation

@: no status effects
A: iridescent scales 1, clarity, fire resistance 1, electricity resistance
a: Renounce Religion


You were on level 5 of the Dungeon.
You worshipped Vehumet.
Vehumet was pleased with you.
You were hungry.

You visited 1 branch of the dungeon, and saw 5 of its levels.

You collected 332 gold pieces.
You spent 120 gold pieces at shops.

Inventory:

Hand Weapons
 h - a +1 mace of protection (weapon)
 n - a +2 dagger of venom
 q - a +0 whip of electrocution
Armour
 b - +0 steam dragon scales
 p - a +0 cloak (worn)
 u - a +1 pair of gloves (worn)
 v - a +2 scale mail of magic resistance (worn)
Jewellery
 m - a +2 ring of dexterity (left hand)
 t - a ring of insulation (right hand)
Scrolls
 d - a scroll of immolation
 j - 2 scrolls of magic mapping {unknown}
 k - a scroll of fog {unknown}
 l - 7 scrolls of remove curse {unknown}
 o - 2 scrolls of blinking {unknown}
 s - a scroll of fear {unknown}
 w - a scroll of enchant armour {unknown}
Potions
 a - a potion of ambrosia {unknown}
 c - a potion of lignification {unknown}
 g - 4 potions of flight
 r - a potion of magic {unknown}
Comestibles
 e - 4 rations {!d}


   Skills:
 + Level 4.6 Fighting
 - Level 4.0 Short Blades
 + Level 5.2 Maces & Flails
 * Level 2.8 Armour
 + Level 6.3 Dodging
 - Level 2.3 Stealth
 + Level 2.1 Spellcasting
 + Level 0.9 Conjurations


You had 10 spell levels left.
You knew the following spells:

 Your Spells              Type           Power        Failure   Level  Hunger
a - Shock                 Conj/Air       #....        22%         1    None

Your spell library contained the following spells:

 Spells                   Type           Power        Failure   Level  Hunger
 Iskenderun's Battlesphe  Conj/Chrm      #.......     99%         5    #######


Dungeon Overview and Level Annotations

Branches:
Dungeon (5/12)
 Temple: D:4-7

Altars:
Ashenzari
Elyvilon
Hepliaklqana
Lugonu
Ru
Uskayaw
Zin

Shops:
D:5 *


Innate Abilities, Weirdness & Mutations

You are partially covered in iridescent scales. (AC +2)
You possess an exceptional clarity of mind.
Your flesh is heat resistant. (rF+)
You are resistant to electric shocks. (rElec)


Message History

A rune on the stairs sparks and fizzles.
There is a stone staircase leading up, spattered with blood here.
You see here 24 gold pieces.
The two-headed ogre closely misses you. The two-headed ogre barely misses you.
There is a stone staircase leading up, spattered with blood here.
There is a stone staircase leading up here.
The two-headed ogre hits you with a +0 giant club.
* * * LOW HITPOINT WARNING * * *
The two-headed ogre barely misses you.
A rune on the stairs sparks and fizzles.
You climb upwards.
There is a stone staircase leading down here.
You climb downwards.
A rune on the stairs sparks and fizzles.
There is a stone staircase leading up here.
You see here a robe.
The two-headed ogre hits you with a +0 giant club!
* * * LOW HITPOINT WARNING * * *
The two-headed ogre hits you with a +0 giant club!
You die...

.####<# #.# #.##########
......# #.# #..$........
.###### #.###
############ ...# #...#
##.# ###.# #.# #.# #.#
##.############### #.#
#.O............... #.#
#@.############### #.#
#..# #.# ### #..# #.. ..#
#..# #.# #..# #.# #..#
##.#######..#
#######..........##
.........#######.#######.


You could see a two-headed ogre.

Vanquished Creatures
  Eustachio (D:5)
  Duvessa (D:5)
  A sky beast (D:2)
  2 ogres
  Dowan (D:5)
  A crimson imp (D:2)
  A bullfrog zombie (D:3)
  An orc wizard (D:3)
  A centaur skeleton (D:5)
  4 worker ants
  3 adders (D:3)
  3 gnolls (D:2)
  An ooze (D:2)
  4 worms
  A dart slug (D:3)
  3 leopard geckos
  11 orcs
  A ball python (D:3)
  6 giant cockroaches
  7 goblins
  5 hobgoblins
  11 jackals
  A quokka (D:3)
  6 bats (D:1)
  3 frilled lizards
  6 kobolds
  A rat (D:1)
87 creatures vanquished.

Vanquished Creatures (others)
  A hobgoblin (D:2)
1 creature vanquished.

Grand Total: 88 creatures vanquished

Notes
Turn   | Place    | Note
-------+----------+-------------------------------------------
     0 | D:1      | Dulis131 the Human Reaver began the quest for the Orb.
     0 | D:1      | Reached XP level 1. HP: 18/18 MP: 3/3
   350 | D:1      | Reached XP level 2. HP: 20/24 MP: 5/5
   759 | D:1      | Reached XP level 3. HP: 29/29 MP: 6/6
  1114 | D:2      | Reached skill level 1 in Short Blades
  1114 | D:2      | Reached skill level 4 in Dodging
  1114 | D:2      | Reached XP level 4. HP: 28/35 MP: 7/7
  1224 | D:2      | Found a corrupted altar of Lugonu.
  1265 | D:2      | Found a white marble altar of Elyvilon.
  1351 | D:2      | Reached * piety under Vehumet
  1351 | D:2      | Offered knowledge of Magic Dart by Vehumet.
  1372 | D:2      | Found a sacrificial altar of Ru.
  1442 | D:2      | Reached XP level 5. HP: 7/41 MP: 8/8
  1708 | D:2      | Reached skill level 1 in Stealth
  1931 | D:2      | Found a hide-covered altar of Uskayaw.
  2126 | D:2      | Found a hazy altar of Hepliaklqana.
  2239 | D:3      | Reached skill level 5 in Dodging
  2241 | D:3      | Reached XP level 6. HP: 34/47 MP: 9/9
  2342 | D:3      | Noticed a sky beast
  2675 | D:2      | Killed a sky beast
  2921 | D:3      | Found a shattered altar of Ashenzari.
  2978 | D:3      | Found a glowing silver altar of Zin.
  3065 | D:3      | Reached ** piety under Vehumet
  3073 | D:3      | Offered knowledge of Shock by Vehumet.
  3193 | D:3      | Noticed an ogre
  3204 | D:3      | Learned a level 1 spell: Shock
  3224 | D:3      | Killed an ogre
  3225 | D:3      | Reached XP level 7. HP: 34/54 MP: 6/10
  4068 | D:4      | Noticed a hippogriff
  4349 | D:5      | Entered Level 5 of the Dungeon
  4508 | D:5      | Reached skill level 6 in Dodging
  4588 | D:5      | Reached skill level 1 in Armour
  4636 | D:5      | Found Zokh's General Store.
  4637 | D:5      | Noticed Dowan
  4647 | D:5      | Killed Dowan
  4647 | D:5      | Noticed Duvessa
  4671 | D:5      | Killed Duvessa
  4672 | D:5      | Reached XP level 8. HP: 30/61 MP: 11/11
  4679 | D:5      | Bought a ration for 60 gold pieces
  4679 | D:5      | Bought a ration for 60 gold pieces
  4770 | D:5      | Noticed Eustachio
  4883 | D:5      | Killed Eustachio
  4884 | D:5      | Reached skill level 5 in Maces & Flails
  5048 | D:5      | Noticed a two-headed ogre
  5195 | D:4      | Gained mutation: Your flesh is heat resistant. (rF+)
                  | [potion of mutation]
  5195 | D:4      | Gained mutation: You are covered in fur. (AC +1) [potion of
                  | mutation]
  5196 | D:4      | Lost mutation: Your flesh is heat resistant. (rF+) [potion
                  | of mutation]
  5196 | D:4      | Lost mutation: You are covered in fur. (AC +1) [potion of
                  | mutation]
  5196 | D:4      | Gained mutation: Your spells are a little easier to cast,
                  | but a little less powerful. [potion of mutation]
  5196 | D:4      | Gained mutation: Your magical capacity is low. (-10% MP)
                  | [potion of mutation]
  5196 | D:4      | Gained mutation: You are resistant to electric shocks.
                  | (rElec) [potion of mutation]
  5197 | D:4      | Lost mutation: Your magical capacity is low. (-10% MP)
                  | [potion of mutation]
  5197 | D:4      | Lost mutation: Your spells are a little easier to cast, but
                  | a little less powerful. [potion of mutation]
  5197 | D:4      | Lost mutation: You are resistant to electric shocks.
                  | (rElec) [potion of mutation]
  5197 | D:4      | Gained mutation: Your flesh is heat resistant. (rF+)
                  | [potion of mutation]
  5197 | D:4      | Gained mutation: You are resistant to electric shocks.
                  | (rElec) [potion of mutation]
  5197 | D:4      | Gained mutation: You possess an exceptional clarity of
                  | mind. [potion of mutation]
  5197 | D:4      | Gained mutation: You are partially covered in iridescent
                  | scales. (AC +2) [potion of mutation]
  5463 | D:5      | HP: 2/61 [two-headed ogre/+0 giant club (13)]
  5463 | D:5      | Mangled by a two-headed ogre

Skill      XL: |  1  2  3  4  5  6  7  8 |
---------------+-------------------------+-----
Short Blades   | 1 2 4 |  4.0
Dodging        | 4 5 6 |  6.3
Stealth        | 1 2 |  2.3
Fighting       | 4 |  4.6
Maces & Flails | 4 5 |  5.2
Armour         | 2 |  2.8
Spellcasting   | |  2.1
Conjurations   | |  0.9

Action                   |  1- 3 |  4- 6 |  7- 9 || total
-------------------------+-------+-------+-------++-------
Melee: Flail             |    46 |       |       ||    46
       Dagger            |    33 |    67 |       ||   100
       Mace              |       |   164 |   189 ||   353
 Cast: Shock             |       |     4 |     3 ||     7
  Use: Scroll            |       |     3 |     5 ||     8
       Potion            |       |     2 |     3 ||     5
 Stab: Sleeping          |       |     2 |       ||     2
  Eat: Chunk             |     2 |     6 |     9 ||    17
       Ration            |       |     2 |     1 ||     3
Armor: Steam dragon scal |    35 |    76 |    13 ||   124
       Scale mail        |       |       |   105 ||   105
Dodge: Dodged            |    56 |   182 |   165 ||   403
